 Dungeon Crawl Stone Soup version 0.17.1-3-g152610e (webtiles) character file.

2292 moxian the Geomancer (level 9, -6/45 HPs)
             Began as a Deep Elf Earth Elementalist on Apr 24, 2016.
             Was a Follower of Vehumet.
             Mangled by an eight-headed hydra (16 damage)
             ... on level 9 of the Dungeon.
             The game lasted 00:37:27 (8651 turns).

moxian the Geomancer (Deep Elf Earth Elementalist)  Turns: 8651, Time: 00:37:27

Health: -6/45      AC:  6    Str:  5    XL:     9   Next: 17%
Magic:  17/30      EV: 14    Int: 24    God:    Vehumet [*.....]
Gold:   441        SH:  0    Dex: 15    Spells: 5 memorised, 6 levels left

rFire  . . .     SeeInvis .     b - 252 stones
rCold  . . .     Clarity  .     o - +0 robe
rNeg   . . .     SustAt   .     (no shield)
rPois  .         Gourm    .     (no helmet)
rElec  .         Spirit   .     (no cloak)
rCorr  .         Warding  .     U - +0 pair of gloves (curse)
rMut   .         Stasis   .     (no boots)
MR     .....                    (no amulet)
Stlth  ++........               K - ring of loudness (curse)
                                O - ring of magical power

@: stone skin, not resistant to hostile enchantments, unstealthy
A: no striking features
a: Renounce Religion


You were on level 9 of the Dungeon.
You worshipped Vehumet.
Vehumet was aware of your devotion.
You were not hungry.

You visited 2 branches of the dungeon, and saw 10 of its levels.
You also visited: Sewer.

You collected 441 gold pieces.

Inventory:

Hand Weapons
 a - a +2 dagger of venom
 p - a +0 whip of freezing
 w - a +0 dagger of holy wrath
Missiles
 b - 252 stones (in hand)
 f - 52 arrows
 i - 74 bolts
 r - 15 bolts of flame
 v - 11 tomahawks
 x - 6 needles of frenzy
 y - 38 sling bullets
 N - 10 poisoned needles
Armour
 n - a troll hide {Purgy}
 o - a +0 robe (worn)
 P - a +0 pair of gloves
 Q - a +0 buckler
 U - a cursed +0 pair of gloves (worn)
Jewellery
 h - an uncursed ring of fire
 z - an uncursed ring of positive energy
 K - a cursed ring of loudness (right hand)
 O - a ring of magical power (left hand)
Wands
 J - a wand of confusion (14)
Scrolls
 j - a scroll of immolation
 s - 4 scrolls of magic mapping
 A - 3 scrolls of remove curse {unknown}
 E - 3 scrolls of teleportation
 F - 2 scrolls of fear
 G - a scroll of fog
 R - 3 scrolls of identify
 W - a scroll of summoning {unknown}
Potions
 e - a potion of flight
 g - a potion of ambrosia
 k - a potion of cancellation {unknown}
 l - 3 potions of heal wounds
 m - 2 potions of lignification {unknown}
 q - 3 potions of agility {unknown}
 u - 3 potions of resistance {unknown}
 C - 3 potions of might {unknown}
 D - 4 potions of haste {unknown}
 H - a potion of brilliance {unknown}
 L - a potion of beneficial mutation {unknown}
 S - a potion of degeneration {unknown}
 T - a potion of curing {unknown}
 V - a potion of mutation {unknown}
Books
 c - a book of Geomancy

   Spells                             Type                      Level
   a - Sandblast                      Earth                        1
   b - Stoneskin                      Transmutation/Earth          2
   c - Passwall                       Transmutation/Earth          3
   d - Stone Arrow                    Conjuration/Earth            3
   e - Petrify                        Transmutation/Earth          4
   f - Lee's Rapid Deconstruction     Earth                        5
 M - the Grimoire of Darkness
   (You found it on level 7 of the Dungeon)

   Spells                             Type                      Level
   a - Corpse Rot                     Necromancy                   2
   b - Sublimation of Blood           Necromancy                   2
   c - Excruciating Wounds            Charms/Necromancy            5
   d - Bolt of Draining               Conjuration/Necromancy       5
   e - Cigotuvi's Embrace             Necromancy                   5
Comestibles
 d - 4 bread rations
 t - 3 meat rations
 B - a beef jerky
 I - 3 fruits
 X - 7 chunks of flesh


   Skills:
 - Level 3.0 Short Blades
 + Level 4.4 Dodging
 - Level 4.6 Stealth
 + Level 2.4 Shields
 + Level 6.8 Spellcasting
 + Level 6.0 Conjurations
 - Level 1.1 Transmutations
 * Level 8.7 Earth Magic


You had 6 spell levels left.
You knew the following spells:

 Your Spells              Type           Power        Failure   Level  Hunger
a - Sandblast             Erth           ######       1%          1    None
b - Stone Arrow           Conj/Erth      #####.       1%          3    None
c - Petrify               Trmt/Erth      ####....     12%         4    ###....
d - Lee's Rapid Deconstr  Erth           ######....   8%          5    #####..
A - Stoneskin             Trmt/Erth      ####....     1%          2    None


Dungeon Overview and Level Annotations

Branches:
Dungeon (9/15)             Temple (1/1) D:6             Orc (0/4) D:9
   Lair: D:8-11

Altars:
Ashenzari
Cheibriados
Dithmenos
Elyvilon
Fedhas
Gozag
Makhleb
Nemelex Xobeh
Okawaru
Qazlal
Ru
Sif Muna
Trog
Vehumet
Xom
Yredelemnul
Zin
The Shining One
Lugonu

Annotations:
D:3 manyhoops's ghost, amateur DsGl
D:4 Eustachio; Grinder
D:7 Joseph


Message History

Confirm with . or Enter, or press ? or * to list all spells.
Aiming: Stone Arrow
Press: ? - help, Shift-Dir - straight line, f/p - eight-headed hydra
Aim: an eight-headed hydra (heavily wounded)
The stone arrow hits the eight-headed hydra.
The eight-headed hydra is severely wounded.
Casting: Stone Arrow
Confirm with . or Enter, or press ? or * to list all spells.
Aiming: Stone Arrow
Press: ? - help, Shift-Dir - straight line, f/p - eight-headed hydra
Aim: an eight-headed hydra (severely wounded)
The stone arrow hits the eight-headed hydra.
The eight-headed hydra is almost dead.
The eight-headed hydra barely misses you.
The eight-headed hydra bites you. The eight-headed hydra bites you!
The eight-headed hydra bites you. x2
* * * LOW HITPOINT WARNING * * *
The eight-headed hydra bites you but does no damage.
The eight-headed hydra bites you!
You die...

#############################
............................#
...............D@...........#
............................#
............................#
...................########.#
###..###########...# #.#
###..######## #############.#
............# ##>## #....<..#
............##8...8 #.......#
###...########.....##.......#


You could see an eight-headed hydra.

Vanquished Creatures
  A hungry ghost (D:8)
  Purgy (Sewer)
  2 wasps
  An ice beast (D:5)
  A sky beast (D:8)
  A black bear (D:8)
  2 necrophages
  2 ogres (D:5)
  6 giant frogs
  A big kobold (D:8)
  2 crimson imps
  A giant frog zombie (D:9)
  An iguana (D:4)
  3 orc wizards
  A gnoll shaman (D:9)
  2 centaur skeletons (D:8)
  A giant frog skeleton (D:7)
  3 hounds
  7 worker ants
  A hound zombie (D:8)
  A worker ant zombie (D:8)
  9 adders
  3 gnolls (D:8)
  A shadow imp (D:5)
  An ooze (D:5)
  2 adder zombies
  A worm (D:2)
  14 orcs
  4 giant cockroaches
  8 hobgoblins
  3 jackals (D:2)
  3 quokkas
  5 ball pythons
  4 bats
  9 giant geckos
  6 giant newts
  5 goblins
  13 kobolds
  A quokka zombie (D:7)
  13 rats
146 creatures vanquished.

Notes
Turn   | Place    | Note
--------------------------------------------------------------
     0 | D:1      | moxian the Deep Elf Earth Elementalist began the quest for the Orb.
     0 | D:1      | Reached XP level 1. HP: 10/10 MP: 6/6
   442 | D:1      | Reached XP level 2. HP: 15/15 MP: 4/8
   452 | D:1      | Reached skill level 4 in Earth Magic
   536 | D:1      | Learned a level 2 spell: Stoneskin
   989 | D:2      | Reached XP level 3. HP: 13/19 MP: 7/10
  1139 | D:2      | Found a bloodstained altar of Trog.
  1328 | D:2      | Reached XP level 4. HP: 18/24 MP: 9/12
  1338 | D:2      | Learned a level 3 spell: Stone Arrow
  1343 | D:2      | Learned a level 4 spell: Petrify
  1463 | D:2      | Reached skill level 1 in Short Blades
  1773 | D:3      | Reached skill level 1 in Conjurations
  2131 | D:3      | Found a faded altar to an unknown god.
  2131 | D:3      | Noticed manyhoops's ghost (amateur DsGl)
  2288 | D:3      | Found a sparkling altar of Nemelex Xobeh.
  2394 | D:4      | Reached skill level 5 in Earth Magic
  2394 | D:4      | Reached XP level 5. HP: 16/28 MP: 1/13
  2816 | D:4      | Noticed Grinder
  2816 | D:4      | Paralysed by Grinder for 2 turns
  2820 | D:4      | Noticed Eustachio
  2844 | D:4      | HP: 1/28 [poison (a potion of poison)]
  2855 | D:5      | Entered Level 5 of the Dungeon
  2855 | D:5      | Noticed an ogre
  2861 | D:5      | Noticed an ice beast
  3098 | D:5      | Noticed a necrophage
  3202 | D:5      | Killed an ogre
  3202 | D:5      | Reached XP level 6. HP: 32/32 MP: 5/14
  3263 | D:5      | Killed a necrophage
  3289 | D:5      | Noticed an ogre
  3295 | D:5      | Killed an ogre
  3620 | D:5      | Killed an ice beast
  3620 | D:5      | Reached skill level 6 in Earth Magic
  3620 | D:5      | Reached XP level 7. HP: 36/36 MP: 6/16
  3717 | D:5      | Found a shadowy altar of Dithmenos.
  4060 | D:5      | Found a basalt altar of Yredelemnul.
  4060 | D:5      | Found a burning altar of Makhleb.
  4060 | D:5      | Found a shimmering altar of Xom.
  4061 | D:5      | Found a blossoming altar of Fedhas.
  4065 | D:5      | Found a shattered altar of Ashenzari.
  4153 | D:6      | Found a staircase to the Ecumenical Temple.
  4294 | D:6      | Found a glowing drain.
  4302 | Sewer    | Entered a sewer
  4361 | Sewer    | Noticed Purgy
  4448 | Sewer    | Killed Purgy
  4448 | Sewer    | Reached skill level 5 in Spellcasting
  5578 | D:7      | Identified the Grimoire of Darkness
  5733 | Temple   | Entered the Ecumenical Temple
  5745 | Temple   | Became a worshipper of Vehumet
  5805 | D:7      | Noticed Joseph
  5816 | D:7      | Reached skill level 7 in Earth Magic
  5816 | D:7      | Reached XP level 8. HP: 23/41 MP: 13/18
  6490 | D:8      | Reached skill level 5 in Conjurations
  6606 | D:8      | Found a white marble altar of Elyvilon.
  6606 | D:8      | Found a glowing golden altar of the Shining One.
  6637 | D:8      | Found a glowing silver altar of Zin.
  6982 | D:8      | Found a sacrificial altar of Ru.
  7055 | D:8      | Reached skill level 1 in Shields
  7545 | D:8      | Reached * piety under Vehumet
  7545 | D:8      | Offered knowledge of Freeze by Vehumet.
  7545 | D:8      | Reached skill level 8 in Earth Magic
  8220 | D:9      | Reached XP level 9. HP: 45/45 MP: 20/20
  8228 | D:9      | Learned a level 5 spell: Lee's Rapid Deconstruction
  8240 | D:9      | Noticed an eight-headed hydra
  8349 | D:9      | Found a staircase to the Orcish Mines.
  8651 | D:9      | Mangled by an eight-headed hydra

Action                   |  1- 3 |  4- 6 |  7- 9 || total
-------------------------+-------+-------+-------++-------
Melee: Unarmed           |    15 |       |       ||    15
       Dagger            |    26 |    52 |    98 ||   176
Throw: Stone             |       |     2 |       ||     2
 Cast: Sandblast         |    43 |    43 |    80 ||   166
       Stone Arrow       |       |    11 |    51 ||    62
       Stoneskin         |       |     1 |     3 ||     4
  Use: Potion            |       |     2 |     1 ||     3
       Scroll            |       |     2 |     7 ||     9
 Stab: Sleeping          |     6 |     2 |     5 ||    13
       Distracted        |       |     1 |       ||     1
  Eat: Chunk             |     1 |     8 |    15 ||    24
       Pizza             |       |       |     1 ||     1
